Cogmind - Beta 11 X5 @@@ ROGUE MODE // 2021.06.27 @ 12:32:03 Player: Exp. Geonium Core Result: Self-destructed Performance ------------- Evolutions (3) 1500 Regions Visited (6) 1200 Robots Destroyed (0) 0 Value Destroyed (0) 0 Prototype IDs (1) 20 Alien Tech Used (0) 0 Bonus (834) 834 TOTAL SCORE: 3554 Bonus ------- Pacifist 834 Cogmind --------- Core Integrity 599/700 Matter 132/300 Energy 100/100 System Corruption 6% Temperature Cool (0) Movement Core (50) Location -7/Factory Parts ------- > --- POWER (1) -------- (None) > --- PROPULSION (2) --- Gravmag System Gravmag System > --- UTILITY (8) ------ (None) > --- WEAPON (2) ------- (None) > --- INVENTORY (5) ---- Light Treads VTOL Module Advanced Weight Redist. System Advanced Weight Redist. System Precision Energy Filter Peak State ------------ > --- POWER ------------ (None) > --- PROPULSION ------- Armored Treads Armored Treads > --- UTILITY ---------- Precision Energy Filter > --- WEAPON ----------- (None) > --- INVENTORY -------- Light Treads VTOL Module Advanced Weight Redist. System Advanced Weight Redist. System [Rating: 13] Favorites ----------- Power None Propulsion Light Treads Treads Light Treads Hover Unit Gravmag System Flight Unit VTOL Module Utility Precision Energy Filter Device Precision Energy Filter Weapon None Build | -11 -10 -9 -8 -7 -7 -7 ------- Run | Scr Mat Mat Mat Fac Was Fac Slots Evolved 6 | . . 2 2 2 . . Power . | . . . . . . . Propulsion . | . . . . . . . Utility 6 | . . 2 2 2 . . Weapon . | . . . . . . . Parts Attached 9 | 2 . . 4 . 1 2 Power . | . . . . . . . Engine . | . . . . . . . Core . | . . . . . . . Reactor . | . . . . . . . Propulsion 8 | 2 . . 4 . . 2 Treads 5 | 2 . . 3 . . . Leg . | . . . . . . . Wheel . | . . . . . . . Hover 2 | . . . . . . 2 Flight 1 | . . . 1 . . . Utility 1 | . . . . . 1 . Device 1 | . . . . . 1 . Storage . | . . . . . . . Processor . | . . . . . . . Hackware . | . . . . . . . Protection . | . . . . . . . Artifact . | . . . . . . . Weapon . | . . . . . . . Energy Gun . | . . . . . . . Energy Cannon . | . . . . . . . Ballistic Gun . | . . . . . . . Ballistic Cannon . | . . . . . . . Launcher . | . . . . . . . Special Weapon . | . . . . . . . Impact Weapon . | . . . . . . . Slashing Weapon . | . . . . . . . Piercing Weapon . | . . . . . . . Special Melee Weapon . | . . . . . . . Unidentified Prototypes 1 | . . . . . 1 . Parts Lost 1 | . . . . . 1 . Power . | . . . . . . . Propulsion 1 | . . . . . 1 . Utility . | . . . . . . . Weapon . | . . . . . . . Highest Loss Streak 1 | . . . . . 1 . Average Slot Usage (%) 13 | . 28 22 12 15 10 7 Treads 10 | . 28 22 12 15 10 . Hover 3 | . . . . . . 7 Naked Turns 138 | . . . 1 . 25 112 Heaviest Build . | . . . . . . . Greatest Support 40 | 40 3 3 40 3 3 9 Greatest Overweight (x) . | . . . . . . . Average Overweight (x) . | . . . . . . . Largest Inventory Capacity 5 | 5 5 5 5 5 5 5 Average Capacity 5 | 5 5 5 5 5 5 5 Most Carried 5 | . . 4 5 5 5 5 Average Carried 3 | . . 2 4 5 4 5 Final Capacity 5 | 5 5 5 5 5 5 5 Final Carried 5 | . . 4 5 5 5 5 Class Distribution -------------------- 100% | Mutant Dominant Class ---------------- Mutant | -10/Materials Mutant | -9/Materials Mutant | -8/Materials Mutant | -7/Factory Mutant | -7/Waste Mutant | -7/Factory Resources | -11 -10 -9 -8 -7 -7 -7 ----------- Run | Scr Mat Mat Mat Fac Was Fac Matter Collected 146 | 146 . . . . . . Remotely . | . . . . . . . Salvage Created . | . . . . . . . Parts . | . . . . . . . Haulers Intercepted . | . . . . . . . Recyclers Shooed . | . . . . . . . Parts Field Recycled . | . . . . . . . Retrieved Matter . | . . . . . . . Parts Self-Destructed . | . . . . . . . Prevented . | . . . . . . . Kills | -11 -10 -9 -8 -7 -7 -7 ------- Run | Scr Mat Mat Mat Fac Was Fac Combat Hostiles Destroyed . | . . . . . . . Classes Destroyed . | . . . . . . . Best Kill Streak . | . . . . . . . Combat Bots Only . | . . . . . . . Max Kills in Single Turn . | . . . . . . . Gunslinging . | . . . . . . . Exploded . | . . . . . . . Melee . | . . . . . . . Uniques/NPCs Destroyed . | . . . . . . . Combat | -11 -10 -9 -8 -7 -7 -7 -------- Run | Scr Mat Mat Mat Fac Was Fac Damage Taken 607 | . 78 241 187 . 101 . Core 319 | . 45 104 69 . 101 . Absorbed by Shields . | . . . . . . . Core Remaining (%) 85 | 100 82 74 87 . . . Volleys Fired . | . . . . . . . Largest . | . . . . . . . Hottest . | . . . . . . . Shots Fired . | . . . . . . . Gun . | . . . . . . . Cannon . | . . . . . . . Launcher . | . . . . . . . Special . | . . . . . . . Kinetic . | . . . . . . . Thermal . | . . . . . . . Explosive . | . . . . . . . Electromagnetic . | . . . . . . . Robot Hit Streak . | . . . . . . . Robot Miss Streak . | . . . . . . . Penetration Max . | . . . . . . . Secondary Targets . | . . . . . . . Shots Hit Robots . | . . . . . . . Core Hits . | . . . . . . . Critical Kills . | . . . . . . . Critical Parts Destroyed . | . . . . . . . Critical Strikes . | . . . . . . . Melee Attacks . | . . . . . . . Impact . | . . . . . . . Slashing . | . . . . . . . Piercing . | . . . . . . . Sneak Attacks . | . . . . . . . Combat Hostiles . | . . . . . . . Follow-up Attacks . | . . . . . . . Damage Inflicted . | . . . . . . . Guns . | . . . . . . . Cannons . | . . . . . . . Explosions . | . . . . . . . Melee . | . . . . . . . Ramming . | . . . . . . . Kinetic . | . . . . . . . Thermal . | . . . . . . . Explosive . | . . . . . . . Electromagnetic . | . . . . . . . Impact . | . . . . . . . Slashing . | . . . . . . . Piercing . | . . . . . . . Highest Corruption 6 | . . . . . 6 6 Average Corruption 6 | . . . . . 6 6 Corruption Purged . | . . . . . . . Effects 7 | . . . . . 2 5 Message Errors 2 | . . . . . 1 1 Matter Fused 3 | . . . . . . 3 Heat Flow Errors 2 | . . . . . 1 1 Overload Shots . | . . . . . . . Overflow Damage . | . . . . . . . Projectiles . | . . . . . . . Explosions . | . . . . . . . Melee . | . . . . . . . Knockbacks . | . . . . . . . Impact . | . . . . . . . Kinetic . | . . . . . . . Secondary . | . . . . . . . Self-Inflicted Damage . | . . . . . . . Shots . | . . . . . . . Rammed . | . . . . . . . Targets Rammed . | . . . . . . . Kicked . | . . . . . . . Crushed . | . . . . . . . Highest Temperature 167 | . . . . . 86 167 Average Temperature 81 | . . . . . 52 99 Received Heat Transfer 243 | . 39 141 63 . . . Siege Activations . | . . . . . . . Robots Corrupted . | . . . . . . . Combat Hostiles . | . . . . . . . Parts Fried . | . . . . . . . Impact Corruptions . | . . . . . . . Robots Melted . | . . . . . . . Combat Hostiles . | . . . . . . . Parts Melted . | . . . . . . . Heat Transferred . | . . . . . . . Parts Sabotaged . | . . . . . . . Parts Stolen . | . . . . . . . Parts Stripped . | . . . . . . . Power Chain Reactions . | . . . . . . . Missiles Intercepted . | . . . . . . . Alert | -11 -10 -9 -8 -7 -7 -7 ------- Run | Scr Mat Mat Mat Fac Was Fac Peak Influence 111 | . 30 111 82 37 12 6 Initial 52 | . . 12 52 37 12 . Average 25 | . 12 56 59 37 8 . Maximum Alert Level . | . . . . . . . Low Security (%) 100 | 100 100 100 100 100 100 100 Level 1 . | . . . . . . . Level 2 . | . . . . . . . Level 3 . | . . . . . . . Level 4 . | . . . . . . . Level 5 . | . . . . . . . High Security . | . . . . . . . Max Security . | . . . . . . . Squads Dispatched 4 | . 1 2 . . . 1 Investigation 4 | . 1 2 . . . 1 Extermination . | . . . . . . . Reinforcement . | . . . . . . . Assault . | . . . . . . . Garrison . | . . . . . . . Intercept . | . . . . . . . Construction Impeded . | . . . . . . . Haulers Reinforced . | . . . . . . . Cargo Convoy Interrupts . | . . . . . . . Stealth | -11 -10 -9 -8 -7 -7 -7 --------- Run | Scr Mat Mat Mat Fac Was Fac Distress Signals 1 | . 1 . . . . . Communications Jammed . | . . . . . . . Distress Signals . | . . . . . . . Times Spotted 28 | . 7 8 6 . 6 1 Peak Tracking Total 8 | . 8 5 5 . 6 . Tactical Retreats 1 | . . 1 . . . . Traps | -11 -10 -9 -8 -7 -7 -7 ------- Run | Scr Mat Mat Mat Fac Was Fac Traps Triggered 2 | . 1 . . 1 . . Indirectly . | . . . . . . . Trap Hack Attempts . | . . . . . . . Triggered . | . . . . . . . Disarmed . | . . . . . . . Reprogrammed . | . . . . . . . Reused . | . . . . . . . Traps Extracted . | . . . . . . . Installed . | . . . . . . . Triggered . | . . . . . . . Machines | -11 -10 -9 -8 -7 -7 -7 ---------- Run | Scr Mat Mat Mat Fac Was Fac Machines Disabled . | . . . . . . . Max in Single Turn . | . . . . . . . Machines Sabotaged . | . . . . . . . Garrisons Compromised . | . . . . . . . Overloaded Fab Kills . | . . . . . . . Fab Network Shutdowns . | . . . . . . . Hacking | -11 -10 -9 -8 -7 -7 -7 --------- Run | Scr Mat Mat Mat Fac Was Fac Machines Accessed 9 | . 1 2 . . . 6 Terminals 8 | . 1 2 . . . 5 Fabricators . | . . . . . . . Repair Stations . | . . . . . . . Recycling Units . | . . . . . . . Scanalyzers . | . . . . . . . Garrison Access 1 | . . . . . . 1 Total Hacks 19 | . 3 7 . . . 9 Successful 2 | . . 1 . . . 1 Failed 17 | . 3 6 . . . 8 Catastrophic 7 | . 1 1 . . . 5 Database Lockouts . | . . . . . . . Manual 14 | . 3 7 . . . 4 Terminals 18 | . 3 7 . . . 8 Fabricators . | . . . . . . . Repair Stations . | . . . . . . . Recycling Units . | . . . . . . . Scanalyzers . | . . . . . . . Garrison Access 1 | . . . . . . 1 Terminal Hacks 2 | . . 1 . . . 1 Level Access Points 1 | . . 1 . . . . Terminal Index 1 | . . . . . . 1 Fabricator Hacks . | . . . . . . . Repair Station Hacks . | . . . . . . . Recycling Unit Hacks . | . . . . . . . Scanalyzer . | . . . . . . . Garrison Access Hacks . | . . . . . . . Unauthorized Hacks . | . . . . . . . Terminals . | . . . . . . . Fabricators . | . . . . . . . Repair Stations . | . . . . . . . Recycling Units . | . . . . . . . Scanalyzers . | . . . . . . . Garrison Access . | . . . . . . . Data Cores Recovered . | . . . . . . . Used . | . . . . . . . Hacking Detections 9 | . 1 2 . . . 6 Full Trace Events 4 | . 1 2 . . . 1 Feedback Events . | . . . . . . . Feedback Blocked . | . . . . . . . Robot Schematics Acquired . | . . . . . . . Robots Built . | . . . . . . . Matter . | . . . . . . . Time . | . . . . . . . Total Robot Build Rating . | . . . . . . . Part Schematics Acquired . | . . . . . . . Parts Built . | . . . . . . . Matter . | . . . . . . . Time . | . . . . . . . Total Part Build Rating . | . . . . . . . Parts Repaired . | . . . . . . . Time . | . . . . . . . Parts Recycled . | . . . . . . . Recycled Matter . | . . . . . . . Retrieved Matter . | . . . . . . . Retrieved Components . | . . . . . . . Parts Scanalyzed . | . . . . . . . Part Schematics Acquired . | . . . . . . . Parts Damaged . | . . . . . . . Bothacking | -11 -10 -9 -8 -7 -7 -7 ------------ Run | Scr Mat Mat Mat Fac Was Fac Used RIF Installer . | . . . . . . . Robots Hacked . | . . . . . . . Non-combat . | . . . . . . . Combat . | . . . . . . . Robot Hacks Applied . | . . . . . . . Relay Couplers Released . | . . . . . . . Robots Rewired . | . . . . . . . Allies Hacked . | . . . . . . . Hacks Repelled . | . . . . . . . Allies | -11 -10 -9 -8 -7 -7 -7 -------- Run | Scr Mat Mat Mat Fac Was Fac Total Allies 1 | . . . . . 1 . Largest Group 1 | . . . . . 1 . Highest-Rated Group 31 | . . . . . 31 . Highest-Rated Ally 31 | . . . . . 31 . Total Orders . | . . . . . . . Ally Attacks 12 | . . . . . 12 . Total Damage 207 | . . . . . 207 . Kills . | . . . . . . . Allies Corrupted . | . . . . . . . Allies Melted . | . . . . . . . Intel | -11 -10 -9 -8 -7 -7 -7 ------- Run | Scr Mat Mat Mat Fac Was Fac Robot Analysis Total . | . . . . . . . Derelict Logs Recovered . | . . . . . . . Drone Launches . | . . . . . . . Drone Recoveries . | . . . . . . . Exploration | -11 -10 -9 -8 -7 -7 -7 ------------- Run | Scr Mat Mat Mat Fac Was Fac Turns Passed 623 | 14 47 124 118 11 71 238 Spaces Moved 1075 | 18 82 238 113 21 135 468 Core 1022 | 16 82 238 63 21 135 467 Treads 52 | 2 . . 50 . . . Legs . | . . . . . . . Wheels . | . . . . . . . Hover 1 | . . . . . . 1 Flight . | . . . . . . . Fastest Speed 50 | 50 50 50 50 50 50 50 Average Speed 55 | 62 50 50 98 50 50 50 Slowest Speed 165 | 160 50 50 165 50 50 60 Overloaded Moves . | . . . . . . . Propulsion Burnouts . | . . . . . . . Robots Hopped . | . . . . . . . Cave-ins Triggered . | . . . . . . . Exploration Rate (%) 26 | 3 26 25 14 1 97 17 Regions Visited 6 Branch Regions . Pre-discovered Areas . | . . . . . . . Known Exits Taken 1 | . . 1 . . . . Unknown Exits Taken 3 | 1 1 . 1 . . . Scrap Searched . | . . . . . . . Spaces Dug . | . . . . . . . Terrain Destroyed . | . . . . . . . Melee . | . . . . . . . Projectile . | . . . . . . . AOE . | . . . . . . . Terrain Rammed . | . . . . . . . Walls Destroyed . | . . . . . . . Machines Disabled . | . . . . . . . Actions | -11 -10 -9 -8 -7 -7 -7 --------- Run | Scr Mat Mat Mat Fac Was Fac Total 1096 | 19 87 242 119 21 138 470 Wait 7 | . 6 1 . . . . Move 1070 | 17 81 237 112 21 134 468 Hop . | . . . . . . . Pick Up 5 | . . 4 . . 1 . Fast Attach 5 | 2 . . 1 . . 2 Attach 3 | . . . 2 . 1 . Detach 3 | . . . 2 . 1 . Swap 1 | . . . 1 . . . Drop 2 | . . . 1 . 1 . Fire . | . . . . . . . Melee . | . . . . . . . Ram . | . . . . . . . Kick . | . . . . . . . Crush . | . . . . . . . Escape Stasis . | . . . . . . . Rewire . | . . . . . . . Trap . | . . . . . . . Miscellaneous . | . . . . . . . Route ------- -11/Scrapyard -10/Materials (discovered 2 exits: *Mat / [*Min]) -9/Materials (discovered 3 exits: *Mat x3) -8/Materials -7/Factory -7/Waste -7/Factory History --------- Turn | Location | Event 2 | -11/Scrapyard | Met Revision 17 10 | -11/Scrapyard | Discovered new exit (range 12) 15 | -11/Scrapyard | Entered Materials 43 | -10/Materials | Discovered new exit (range 16) 59 | -10/Materials | Discovered new exit (range 7) 62 | -10/Materials | Entered another Materials area 62 | -9/Materials | Evolved 2 slots: Utility x2 132 | -9/Materials | Identified exit to Materials 186 | -9/Materials | Entered another Materials area 186 | -8/Materials | Evolved 2 slots: Utility x2 303 | -8/Materials | Discovered new exit (range 4) 304 | -8/Materials | Entered Factory 304 | -7/Factory | Evolved 2 slots: Utility x2 312 | -7/Factory | Build established: Mutant 315 | -7/Factory | Sucked down chute 315 | -7/Factory | Entered Waste 316 | -7/Waste | Met a frightened Derelict 330 | -7/Waste | EMP discharged 335 | -7/Waste | Spotted C-40 Crusher 354 | -7/Waste | Spotted C-40 Crusher 356 | -7/Waste | Spotted C-40 Crusher 361 | -7/Waste | Spotted C-40 Crusher 361 | -7/Waste | Spotted C-40 Crusher 361 | -7/Waste | Spotted C-40 Crusher 361 | -7/Waste | Crushed by Compactor (1 part destroyed, 1 dropped) 380 | -7/Waste | Discovered new exit (range 11) 386 | -7/Waste | Entered Factory 624 | -7/Factory | Self-destructed Last Messages --------------- 00412_ System corrupted: Matter fused (-10). 00413_ K-01 Serf collects debris. 00433_ System corrupted: Matter fused (-9). 00451_ YIGJSFOM G 00506_ System corrupted: Heat flow error (+201). 00526_ K-01 Serf cleans the Neutrino Reactor. 00542_ System corrupted: Matter fused (-5). 00558_ Connecting with Fabricator... 00569_ Connecting with Terminal... 00590_ K-01 Serf cleans the Pressure Siphon. 00599_ Connecting with Terminal... >>Index(Terminals) Found 20 terminals. Downloaded coordinate data. 00599_ ALERT: Suspicious activity at Terminal F001. Dispatching Investigation squad. 00604_ Connecting with Terminal... 00615_ K-01 Serf collects debris. Map ----- +----------------------------------------------------+ | ?????????????????????????????????????????????????? | | ?????????????????????????????????????????????????? | | ?????????????????????????????????????????????????? | | ?????????????????????????????????????????????????? | | ?????????????????????????????????????????????????? | | ?????????????????????????????????????????????????? | | ?????????????????????????????????????????????????? | | ?????????????????????????????????????????????????? | | ?????????????????????????????????????????????????? | | ?????????????????????????????????????????????????? | | ?????????????????????????????????????????????????? | | ?????????????????????????????????????????????????? | | ?????????????????????????????????????????????????? | | ?????????????????????????????????????????????????? | | ?????????????????????????????????????????????????? | | ??##############?????????????????????????????????? | | ??# #?????????????????????????????????? | | ??# #?????????????????????????????????? | | ??# ##############????????????????????? | | ??# # !!! #????????????????????? | | ??# # !!! #????????????????????? | | ??# + !!! #????????????????????? | | ??# # #????????????????????? | | ??# # #????????????????????? | | ??# ##### =! #????????????????????? | | ??# #???# !@ #??????????/#????????? | | ??# #???# ????? ???????? | | ??# #???# s ######## | | ??#######+######???# ## | | ????????# #????????# ] ## | | ????????# #????????# ? ## | | ????????# #????????# """" ######### ## | | ######??# #????????# """" #??????????""" """ ## | | #??# #????????# """" #???????#? """ """ # | | """ #### ####?????# """" #???????# """ """ # | | T"" # #?????# ???" ##??????# """ """ # | | # ####### ???" ??????# + | | # "" ?? ?????# # | | """ + T ?? ?????######## # | | """ # ??? ????????????# # | | """ # #########????? ############# | | # #???????????????# | | ####+#########????????????????# | | ???# #????????????????????????# | | ???# ########################## | | ???# T ######## | | ???# ! #??????? | | ???# ! !! #??????? | | ???# """ """ """ !! #??????? | | ???# """ """ """ """ !! "" #??????? | +----------------------------------------------------+ Best States ------------- Heat Dissipation 34 Energy Generation 5 Energy Capacity 100 Matter Stores 226 Matter Capacity 300 Sight Range 16 Terrain Scan Density 10 Evasion (%) 53 Recoil Reduction 2 Item Schematics ----------------- None Robot Schematics ------------------ None Fabricated ------------ Nothing Alien Tech Used ----------------- None Achievements -------------- None Challenges ------------ None Game ------ Seed ChipImprovedCompressor Manual? 0 Play Time 00:10:57 Cumulative 128.8 hours Start 2021.06.27 @ 12:20:51 End 2021.06.27 @ 12:32:03 Sessions 1 Manual Loads 0 Difficulty Rogue Special Mode None Game No. 193 Rogue 193 Adventurer 0 Explorer 0 Win Type - Total 5 Types 4/0/0/1/0/0/0/0/0 Lore% 50 Gallery% 73 Achievement% 59 Wizard Run 0 Options --------- ASCII 0 Keyboard 0 Movement Numpad Keybinds 0 Fullscreen 1 Font 18/Terminus Map View 76x50 Tactical HUD 1 Map Filters NONE Filters NONE Steam 1 RUN: 88d4c3d8-1fde-48eb-9b8c-25f78f08ead6